 Dungeon Crawl Stone Soup version 0.20-a0-613-g92415a4 (webtiles) character file.

1509 nikopol the Skirmisher (level 8, -9/109 HPs)
             Began as a Minotaur Berserker on Feb 8, 2017.
             Was a Priest of Trog.
             Mangled by a two-headed ogre
             ... wielding a +0 giant spiked club
              (16 damage)
             ... on level 6 of the Dungeon.
             The game lasted 00:15:11 (5053 turns).

nikopol the Skirmisher (Minotaur Berserker)         Turns: 5053, Time: 00:15:12

Health: -9/109     AC:  4    Str: 27    XL:     8   Next: 53%
Magic:  7/7        EV: 15    Int:  4    God:    Trog [***...]
Gold:   292        SH:  0    Dex: 12    Spells: 7/7 levels left

rFire    . . .     SeeInvis +   a - +0 hand axe
rCold    . . .     Gourm    .   p - -2 leather armour (curse)
rNeg     . . .     Faith    .   (no shield)
rPois    .         Spirit   .   t - +0 hat
rElec    .         Reflect  .   (no cloak)
rCorr    .         Harm     .   (no gloves)
MR       .....                  (no boots)
Stlth    ..........             (no amulet)
Regen    0.3/turn               x - +3 ring of protection
                                g - ring of see invisible

@: berserking, very quick
A: retaliatory headbutt, horns 2
a: Berserk, Trog's Hand, Burn Spellbooks, Renounce Religion


You were on level 6 of the Dungeon.
You worshipped Trog.
Trog was most pleased with you.
You were not hungry.

You visited 1 branch of the dungeon, and saw 6 of its levels.

You collected 292 gold pieces.

Inventory:

Hand Weapons
 a - a +0 hand axe (weapon)
Missiles
 e - 75 arrows (quivered)
Armour
 b - a +0 animal skin
 l - a +0 leather armour
 p - a cursed -2 leather armour (worn)
 t - a +0 hat (worn)
 y - a +0 chain mail
Jewellery
 g - a ring of see invisible (left hand)
 x - a +3 ring of protection (right hand)
 z - an uncursed ring of protection from magic {unknown}
 A - a cursed ring of teleportation {unknown}
Wands
 E - a wand of scattershot (4/9)
 J - a wand of lightning (9/15)
Scrolls
 d - 3 scrolls of fog {unknown}
 f - 7 scrolls of identify {unknown}
 j - 3 scrolls of teleportation {unknown}
 m - 2 scrolls of amnesia {unknown}
 o - 3 scrolls of remove curse {unknown}
 s - a scroll of recharging {unknown}
 u - a scroll of fear {unknown}
 v - a scroll of immolation {unknown}
 w - a scroll of enchant armour {unknown}
 B - a scroll of enchant weapon {unknown}
 I - a scroll of magic mapping {unknown}
Potions
 i - a potion of flight {unknown}
 k - a potion of mutation {unknown}
 n - 3 potions of berserk rage {unknown}
 q - 3 potions of curing {unknown}
 r - a potion of heal wounds {unknown}
 C - 2 potions of might {unknown}
 F - a potion of resistance {unknown}
 H - a potion of magic {unknown}
Comestibles
 c - 4 bread rations
 h - 9 meat rations
 D - a royal jelly
 G - 4 chunks of flesh


   Skills:
 + Level 7.2 Fighting
 + Level 7.2 Axes
 + Level 6.9 Armour
 + Level 6.3 Dodging


You had 7 spell levels left.
You didn't know any spells.

Dungeon Overview and Level Annotations

Branches:
Dungeon (6/15)
 Temple: D:4-7

Altars:
The Shining One

Shops:
D:5 *


Innate Abilities, Weirdness & Mutations

You reflexively headbutt those who attack you in melee.
You have a pair of horns on your head.


Message History

You are too injured to fight recklessly!
You are too injured to fight recklessly!
You are too injured to fight recklessly!
You are too injured to fight recklessly!
You are too injured to fight recklessly!
You are too injured to fight recklessly!
You are too injured to fight recklessly!
You are too injured to fight recklessly!
You are too injured to fight recklessly!
You are too injured to fight recklessly!
You are too injured to fight recklessly!
You are too injured to fight recklessly!
You are too injured to fight recklessly!
A red film seems to cover your vision as you go berserk!
You feel yourself moving faster!
You feel mighty!
You feel quite a bit more hungry.
The two-headed ogre hits you with a giant spiked club!
* * * LOW HITPOINT WARNING * * *
The two-headed ogre hits you with a dire flail!
You die...

#.......#......#...8...'.#
#..............##.....##.#
#....##........###...###.#
#.##.##........# ##.##.#.#
).##.(.........# #)#....#
#.#####........# #....###
#.[............# #..###
.....###.......#####.#
#.##.# ######..O@..#.#
#.##.########.####.#.#
...#.......##.####.#.#
.#.#..####.##.#......#
......####.##.#.##.###
......#............#
.#.........#########
.###..#....# .###.......#


You could see a two-headed ogre.

Vanquished Creatures
  A black bear (D:6)
  A phantom (D:5)
  4 ogres
  A centaur (D:5)
  A bullfrog (D:6)
  3 scorpions (D:5)
  A jelly (D:5)
  A hound (D:4)
  2 bullfrog zombies (D:6)
  2 orc priests (D:3)
  5 orc wizards
  An iguana (D:5)
  3 worker ants (D:4)
  A hound zombie (D:5)
  A worker ant zombie (D:4)
  13 adders
  A shadow imp (D:6)
  An ooze (D:1)
  3 worms
  3 dart slugs (D:1)
  4 leopard geckos
  14 orcs
  2 giant cockroaches
  6 goblins
  7 hobgoblins
  13 jackals
  4 quokkas
  8 bats
  2 frilled lizards
  7 kobolds
  A leopard gecko zombie (D:5)
  5 rats
122 creatures vanquished.

Vanquished Creatures (others)
  An orc wizard (D:4)
1 creature vanquished.

Grand Total: 123 creatures vanquished

Notes
Turn   | Place    | Note
-------+----------+-------------------------------------------
     0 | D:1      | nikopol the Minotaur Berserker began the quest for the Orb.
     0 | D:1      | Reached XP level 1. HP: 19/19 MP: 0/0
    89 | D:1      | Reached XP level 2. HP: 24/27 MP: 1/1
   353 | D:1      | Reached XP level 3. HP: 30/33 MP: 2/2
  1284 | D:2      | Reached ** piety under Trog
  1285 | D:2      | HP: 2/51 [poisoned by an adder]
  1290 | D:2      | HP: 1/34 [poisoned by an adder]
  1528 | D:2      | Reached XP level 4. HP: 31/41 MP: 3/3
  2292 | D:3      | Reached XP level 5. HP: 7/47 MP: 4/4
  2926 | D:3      | Reached skill level 5 in Fighting
  3067 | D:3      | Reached XP level 6. HP: 56/56 MP: 5/5
  3176 | D:4      | Reached skill level 5 in Axes
  3417 | D:4      | Reached skill level 5 in Armour
  3568 | D:4      | Reached XP level 7. HP: 53/62 MP: 6/6
  3744 | D:5      | Entered Level 5 of the Dungeon
  3837 | D:5      | Found Xorol's Assorted Antiques.
  3843 | D:5      | Reached *** piety under Trog
  3858 | D:5      | Reached skill level 5 in Dodging
  4521 | D:5      | Reached XP level 8. HP: 62/71 MP: 7/7
  4861 | D:6      | Found a glowing golden altar of the Shining One.
  5050 | D:6      | Noticed a two-headed ogre
  5053 | D:6      | Mangled by a two-headed ogre

Vault maps used:
D:1:      dpeg_arrival_rooms_with_view, serial_corexii_hall,
          corexii_hall_statues_t, corexii_hall_statues_t,
          corexii_hall_statues_l, corexii_hall_statues_i,
          minmay_misc_feat_pillars
D:2:      minmay_misc_feat_room
D:3:      first_bread
D:5:      serial_shops, shop, minmay_misc_feat_tiny, minmay_misc_feat_rows,
          kennysheep_generic_room_10
D:6:      grunt_ministairs_14, tso_metal_star

Skill      XL: |  1  2  3  4  5  6  7  8 |
---------------+-------------------------+-----
Fighting       | 4 5 6 7 |  7.2
Armour         | 3 4 5 6 |  6.9
Dodging        | 3 4 5 6 |  6.3
Axes           | 4 5 6 7 |  7.2

Action                   |  1- 3 |  4- 6 |  7- 9 || total
-------------------------+-------+-------+-------++-------
Melee: Hand axe          |    78 |   145 |   135 ||   358
       Headbutt          |    12 |    23 |    35 ||    70
Invok: Berserk           |     1 |     1 |     1 ||     3
       Trog's Hand       |     1 |       |       ||     1
       Burn Spellbooks   |       |     1 |       ||     1
  Eat: Chunk             |     3 |     8 |     5 ||    16
Armor: Animal skin       |    15 |       |       ||    15
       Leather armour    |       |    28 |    16 ||    44
Dodge: Dodged            |    56 |    87 |    96 ||   239
